 Dungeon Crawl Stone Soup version 0.27.1-1-g398f81649c (webtiles) character file.

Game seed: 5664242187254891662

87 MisterFreud the Shield-Bearer (level 4, -8/39 (41) HPs)
             Began as a Gnoll Fighter on Sept 10, 2021.
             Mangled by a wight (19 damage)
             ... on level 6 of the Dungeon.
             The game lasted 00:01:33 (1479 turns).

MisterFreud the Shield-Bearer (Gnoll Fighter)       Turns: 1479, Time: 00:01:33

HP:   -8/39 (41)    AC:  9    Str: 16    XL:     4   Next: 51%
MP:   5/5           EV:  8    Int:  8    God:
Gold: 53            SH:  0    Dex: 11    Spells: 5/5 levels left

rFire    . . .     SeeInvis .   i - +2 dagger (venom)
rCold    . . .     Faith    .   c - +0 kite shield
rNeg     . . .     Spirit   .   b - +0 scale mail
rPois    .         Reflect  .   (no helmet)
rElec    .         Harm     .   (no cloak)
rCorr    .         Rampage  .   g - +0 pair of gloves
Will     .....                  (no boots)
Stlth    ..........             (no amulet)
HPRegen  0.13/turn              (no ring)
MPRegen  0.09/turn              (no ring)

@: confused, ambrosia-drunk, lightly drained
A: fangs 1, strong nose, distributed training
a: no special abilities


You were on level 6 of the Dungeon.
You visited 1 branch of the dungeon, and saw 4 of its levels.

You collected 53 gold pieces.

Inventory:

Hand Weapons
 a - a +0 rapier
 i - a +2 dagger of venom (weapon)
Armour
 b - a +0 scale mail (worn)
 c - a +0 kite shield (worn)
 g - a +0 pair of gloves (worn)
Scrolls
 e - a scroll of fog {unknown}
 f - 2 scrolls of teleportation {unknown}
 h - a scroll of fear {unknown}
 j - a scroll of silence {unknown}
 k - a scroll of enchant weapon {unknown}
 m - a scroll of blinking {unknown}
Potions
 d - a potion of might


   Skills:
 + Level 6.6 Fighting
 + Level 4.6 Short Blades
 + Level 1.1 Long Blades
 + Level 1.1 Axes
 + Level 1.1 Maces & Flails
 + Level 1.1 Polearms
 + Level 1.1 Staves
 + Level 1.1 Slings
 + Level 1.1 Bows
 + Level 1.1 Crossbows
 + Level 1.1 Throwing
 + Level 6.6 Armour
 + Level 1.1 Dodging
 + Level 1.1 Stealth
 + Level 6.6 Shields
 + Level 1.1 Unarmed Combat
 + Level 1.1 Spellcasting
 + Level 0.9 Conjurations
 + Level 0.9 Hexes
 + Level 0.9 Summonings
 + Level 0.9 Necromancy
 + Level 0.9 Translocations
 + Level 0.9 Transmutations
 + Level 0.9 Fire Magic
 + Level 0.9 Ice Magic
 + Level 0.9 Air Magic
 + Level 0.9 Earth Magic
 + Level 0.9 Poison Magic
 + Level 1.2 Invocations
 + Level 1.1 Evocations


You had 5 spell levels left.
You didn't know any spells.
Your spell library was empty.

Dungeon Overview and Level Annotations

Branches:
Dungeon (3/15)

Altars:
Xom

Annotations:
D:3 2 transporters


Innate Abilities, Weirdness & Mutations

You have very sharp teeth.
Your uncanny sense of smell can sniff out nearby items.
Your experience applies equally to all skills.


Message History

You closely miss the iguana.
The iguana is lightly wounded.
You block the iguana's attack. You block the iguana's attack.
You hit the iguana.
The iguana looks as sick as possible!
The iguana is severely wounded.
The iguana bites you.
You closely miss the iguana. You bite the iguana, but do no damage.
The iguana is severely wounded.
The iguana bites you but does no damage.
The iguana bites you but does no damage.
You kill the iguana!
A wight comes into view.
It is wielding a +5 battleaxe and wearing a +0 robe of cold resistance.
The wight throws a stone.
The stone hits you but does no damage.
The wight throws a stone.
The stone misses you.
The wight throws a stone.
The stone hits you but does no damage.
The wight throws a stone.
The stone closely misses you. You block the wight's attack.
You barely miss the wight. Your bite misses the wight.
You block the wight's attack.
You closely miss the wight. The wight hits you with a +5 battleaxe.
You barely miss the wight. The wight hits you with a +5 battleaxe!
You feel drained.
You are too injured to fight recklessly!
You hit the wight but do no damage. You block the wight's attack.
You closely miss the wight. The wight hits you with a +5 battleaxe!
* * * LOW HITPOINT WARNING * * *
You feel drained.
* * * LOW HITPOINT WARNING * * *
You hit the wight but do no damage. You block the wight's attack.
You hit the wight but do no damage. You block the wight's attack.
Unknown command.
Unknown command.
Okay, then.
Unknown command.
It was a potion of ambrosia.
You are confused.
You feel invigorated.
The wight hits you with a +5 battleaxe!!
You die...

.. .. #......#
....#.##......
##...#.........
.............##
..............#
#............#
#.#..........##
._[......z....#
#.....@.....#
#....#...†....#
### ##########


You could see a wight.

Vanquished Creatures
  A hound (D:6)
  An iguana (D:6)
  A worm (D:2)
  A dart slug (D:1)
  A ball python (D:1)
  3 endoplasms
  3 goblins
  A hobgoblin (D:1)
  4 quokkas
  6 kobolds
  4 rats
26 creatures vanquished.

Vanquished Creatures (others)
  5 plants (D:2)
5 creatures vanquished.

Grand Total: 31 creatures vanquished

Notes
Turn   | Place    | Note
-------+----------+-------------------------------------------
     0 | D:1      | MisterFreud the Gnoll Fighter began the quest for the Orb.
     0 | D:1      | Reached XP level 1. HP: 23/23 MP: 1/1
   343 | D:1      | Reached XP level 2. HP: 26/29 MP: 2/2
  1027 | D:2      | Reached XP level 3. HP: 34/35 MP: 3/3
  1425 | D:3      | Found a transporter.
  1436 | D:3      | Found a transporter.
  1438 | D:3      | You fall into a shaft and drop 3 floors!
  1438 | D:6      | Found a shimmering altar of Xom.
  1446 | D:6      | Reached skill level 1 in Long Blades
  1446 | D:6      | Reached skill level 1 in Axes
  1446 | D:6      | Reached skill level 1 in Maces & Flails
  1446 | D:6      | Reached skill level 1 in Polearms
  1446 | D:6      | Reached skill level 1 in Staves
  1446 | D:6      | Reached skill level 1 in Slings
  1446 | D:6      | Reached skill level 1 in Bows
  1446 | D:6      | Reached skill level 1 in Crossbows
  1446 | D:6      | Reached skill level 1 in Throwing
  1446 | D:6      | Reached skill level 1 in Dodging
  1446 | D:6      | Reached skill level 1 in Stealth
  1446 | D:6      | Reached skill level 1 in Unarmed Combat
  1446 | D:6      | Reached skill level 1 in Spellcasting
  1446 | D:6      | Reached skill level 1 in Invocations
  1446 | D:6      | Reached skill level 1 in Evocations
  1446 | D:6      | Reached XP level 4. HP: 38/41 MP: 5/5
  1479 | D:6      | Mangled by a wight

Illustrated notes

Levels and vault maps discovered:
D:1:      lightli_arrival_quake, layout_basic, chequers_serial_rivers_large_b,
          chequers_serial_rivers_small_b
D:2:      layout_rooms, serial_bayou_ford_a
D:3:      layout_loops_ring, mainiacjoe_overflow_surrounded_room,
          gammafunk_ghost_mausoleum, uniq_grinder
D:6:      layout_cave_pools, lemuel_crystal_altar, nicolae_sextant,
          kennysheep_generic_room_16, uniq_menkaure

Skill      XL: |  1  2  3 |
---------------+----------+-----
Long Blades    | 1 |  1.1
Axes           | 1 |  1.1
Maces & Flails | 1 |  1.1
Polearms       | 1 |  1.1
Staves         | 1 |  1.1
Slings         | 1 |  1.1
Bows           | 1 |  1.1
Crossbows      | 1 |  1.1
Throwing       | 1 |  1.1
Dodging        | 1 |  1.1
Stealth        | 1 |  1.1
Unarmed Combat | 1 |  1.1
Spellcasting   | 1 |  1.1
Invocations    | 1 |  1.2
Evocations     | 1 |  1.1
Fighting       | |  6.6
Short Blades   | |  4.6
Armour         | |  6.6
Shields        | |  6.6
Conjurations   | |  0.9
Hexes          | |  0.9
Summonings     | |  0.9
Necromancy     | |  0.9
Translocations | |  0.9
Transmutations | |  0.9
Fire Magic     | |  0.9
Ice Magic      | |  0.9
Air Magic      | |  0.9
Earth Magic    | |  0.9
Poison Magic   | |  0.9

Action                   |  1- 3 |  4- 6 || total
-------------------------+-------+-------++-------
Melee: Rapier            |    43 |       ||    43
       Dagger            |    27 |    15 ||    42
       Bite              |     5 |     1 ||     6
  Use: Potion            |       |     1 ||     1
Armor: Scale mail        |    25 |     4 ||    29
Dodge: Dodged            |    14 |     3 ||    17
Block: Kite shield       |    23 |     8 ||    31
